 Dungeon Crawl Stone Soup version 0.31-a0-149-g3fdcc5976a (webtiles) character file.

Game seed: 2473625923655256197

1187 jlumianski the Magician (level 8, -2/52 HPs)
             Began as a Djinni Fire Elementalist on June 7, 2023.
             Killed from afar by an electric eel (13 damage)
             ... with a bolt of electricity
             ... on level 6 of the Dungeon.
             The game lasted 00:31:38 (5786 turns).

jlumianski the Magician (Djinni Fire Elementalist)  Turns: 5786, Time: 00:31:40

Health: -2/52      AC:  3    Str:  6    XL:     8   Next: 70%
Gold:   122        EV: 13    Int: 23    God:
                   SH:  0    Dex: 13

rFire   + + .        D - +0 rapier
rCold   x . .        (no shield)
rNeg    . . .        a - +0 robe
rPois   ∞            (no helmet)
rElec   .            j - scarf {harm}
rCorr   .            p - +0 pair of gloves
SInv    .            (boots unavailable)
Will    +....        (no amulet)
Stlth   +++          J - ring of willpower
HPRegen 0.28/turn    (no ring)
MPRegen 0.00/turn

%: harm (+30% outgoing, +20% incoming), infuse magic (-3 HP)
@: flying
A: sickness immunity, fire resistance 2, cold vulnerability 1, float, innate
caster, HP casting, extra vitality 1, clever 1
a: no special abilities


You were on level 6 of the Dungeon.
You visited 1 branch of the dungeon, and saw 7 of its levels.

You collected 232 gold pieces.
You spent 110 gold pieces at shops.

Inventory:

Hand Weapons
 d - a +1 dagger
 e - a +0 broad axe
 h - a +0 long sword
 s - the +7 spear of the Vulture {heavy, rElec rN++ Will-}
   (You found it on level 3 of the Dungeon)

   rElec:     It insulates you from electricity.
   rN:        It greatly protects you from negative energy.
   Will:      It decreases your willpower.
 D - a +0 rapier (weapon)
Missiles
 K - 2 poisoned darts
Armour
 a - a +0 robe (worn)
 j - a scarf of harm (worn)
 p - a +0 pair of gloves (worn)
 A - a +3 ring mail
 F - a +0 kite shield
Jewellery
 J - a ring of willpower (left hand)
Wands
 C - a wand of polymorph (5)
 G - a wand of paralysis (14)
 I - a wand of digging (6)
Scrolls
 c - a scroll of fear {unknown}
 f - a scroll of blinking {unknown}
 g - 4 scrolls of magic mapping
 i - a scroll of poison {unknown}
 k - a scroll of vulnerability
 m - a scroll of enchant weapon
 o - a scroll of torment {unknown}
 r - a scroll of enchant armour {unknown}
 v - 2 scrolls of teleportation
 w - a scroll of noise
 x - a scroll of summoning {unknown}
 y - 2 scrolls of silence {unknown}
 H - a scroll of immolation {unknown}
Potions
 b - a potion of brilliance
 l - a potion of berserk rage
 n - 6 potions of curing
 q - a potion of lignification {unknown}
 t - a potion of haste {unknown}
 u - a potion of cancellation
 z - a potion of attraction {unknown}
 B - 2 potions of mutation


   Skills:
 + Level 1.5 Fighting
 + Level 2.4 Short Blades
 + Level 4.0 Dodging
 + Level 4.8 Stealth
 * Level 5.9 Spellcasting
 * Level 5.9 Conjurations
 * Level 5.9 Hexes
 * Level 5.9 Summonings
 * Level 5.9 Necromancy
 * Level 5.9 Translocations
 * Level 5.9 Transmutations
 * Level 5.9 Fire Magic
 * Level 5.9 Ice Magic
 * Level 5.9 Air Magic
 * Level 5.9 Earth Magic
 * Level 5.9 Poison Magic


You knew the following spells:

 Your Spells              Type           Power      Damage    Failure   Level
a - Foxfire               Conj/Fire      100%       2x1d9     1%          1
b - Scorch                Fire           66%        2d8       1%          2
c - Volatile Blastmotes   Fire/Tloc      66%        2d15      2%          3
d - Inner Flame           Hex/Fire       33%        N/A       2%          3
e - Flame Wave            Conj/Fire      33%        2d10      8%          4
f - Apportation           Tloc           66%        N/A       1%          1
g - Searing Ray           Conj           66%        2d6       1%          2
h - Call Imp              Summ           66%        N/A       1%          2
Your spell library was empty.

Dungeon Overview and Level Annotations

Branches:
Dungeon (7/15)
 Temple: D:4-7

Altars:
Cheibriados
The Shining One

Shops:
D:2 *[   D:4 !

Annotations:
D:4 2 runed translucent doors, Darkkill's ghost, amateur MiHu


Innate Abilities, Weirdness & Mutations

You are immune to sickness and miasma.
You are immune to poison.
Your flesh is very heat resistant. (rF++)
You are vulnerable to cold. (rC-)
You float through the air rather than walking.
You learn spells naturally, not from books.
Your magical power is your life essence.
You have superior vitality. (+4 MHP)
Your mind is acute. (Int +4, Str/Dex -1)


Message History

The bolt of electricity misses you.
You see here 13 gold pieces.
You now have 122 gold pieces (gained 13).
The electric eel shoots out a bolt of lightning at you!
The bolt of electricity hits you!
The electric eel shoots out a bolt of lightning at you!
The bolt of electricity hits the electric eel.
The electric eel completely resists.
The bolt of electricity hits you!
* * * LOW HITPOINT WARNING * * *
You hear a splashing noise.
Okay, then.
You feel much better.
The electric eel shoots out a bolt of lightning at you!
The bolt of electricity hits you!
The electric eel shoots out a bolt of lightning at you!
The bolt of electricity hits the electric eel.
The electric eel completely resists.
The bolt of electricity misses you.
The electric eel shoots out a bolt of lightning at you!
The bolt of electricity misses you.
The electric eel shoots out a bolt of lightning at you!
The bolt of electricity misses the electric eel.
The bolt of electricity hits you!
Casting: Scorch (safe; 1% risk of failure)
Confirm with . or Enter, or press ? or * to list all spells.
A tiny devil pulls itself out of the air.
The electric eel shoots out a bolt of lightning at you!
The bolt of electricity misses you.
You swap places.
The electric eel shoots out a bolt of lightning at you!
The bolt of electricity hits your cerulean imp.
Your cerulean imp resists.
The bolt of electricity hits you!
* * * LOW HITPOINT WARNING * * *
The electric eel shoots out a bolt of lightning at you!
The bolt of electricity hits the electric eel.
The electric eel completely resists.
The bolt of electricity hits your cerulean imp.
Your cerulean imp resists.
The bolt of electricity hits you!
You die...

~~♣ #.# ~~~P #.# ≈~≈P~~♣ #.#
P≈≈≈≈♣~P♣ #.# ≈≈≈S≈≈~~~♣## ##.#
≈S≈≈≈≈~~♣~.################..##
≈≈≈≈≈≈≈~♣♣...............†.....
≈≈≈≈≈≈≈~♣♣.#####....#####.)..##
≈≈≈≈≈≈~P♣~...5@...........#.###
≈≈≈≈≈≈≈SS♣.########.#######.###
≈≈≈≈≈≈~~♣♣......#.... .........
≈≈≈≈≈≈~~♣~..###.#.#.# #...#.##
≈≈≈≈≈~~~♣...# #.#.#.# #..###..
≈≈≈≈~~~♣~...###.#.#.# #.#.#.##
~≈≈≈♣~~~~.........#.# ##.##.##
~~~~P~~~♣...###.###.# #...#.#
~~h~~~~♣....###.# #.###...#.#


You could see 2 electric eels and a friendly cerulean imp (summoned).

Vanquished Creatures
  Menkaure (D:5)
  An ice beast (D:5)
  A black bear (D:7)
  2 scorpions (D:5)
  A howler monkey (D:6)
  An electric eel (D:6)
  A crimson imp (D:4)
  3 hounds
  A jelly (D:4)
  A sleepcap (D:6)
  Natasha (thrice) (D:2)
  3 iguanas
  3 orc wizards
  12 adders
  3 worms
  5 dart slugs
  17 orcs
  8 bats
  7 endoplasms
  2 giant cockroaches
  6 goblins
  2 hobgoblins
  7 kobolds
  4 quokkas
  5 ball pythons
  4 frilled lizards
  A goblin zombie (D:4)
  5 hobgoblin zombies (D:4)
  A kobold skeleton (D:4)
  A kobold zombie (D:4)
  An orc skeleton (D:4)
  6 rats
119 creatures vanquished.

Vanquished Creatures (collateral kills)
  A scorpion (D:5)
1 creature vanquished.

Vanquished Creatures (others)
  208 foxfires
208 creatures vanquished.

Grand Total: 328 creatures vanquished

Notes
Turn   | Place    | Note
-------+----------+-------------------------------------------
     0 | D:1      | jlumianski the Djinni Fire Elementalist began the quest for
                  | the Orb.
     0 | D:1      | jlumianski set off with the following spells memorised:
                  | Foxfire, Scorch, Volatile Blastmotes, Inner Flame, Flame
                  | Wave.
     0 | D:1      | Reached XP level 1. HP: 15/15 MP: 0/0
    35 | D:2      | Found Wifafoil's General Store.
    81 | D:1      | Reached XP level 2. HP: 12/21 MP: 0/0
   165 | D:2      | Noticed Natasha
   178 | D:1      | Reached XP level 3. HP: 12/25 MP: 0/0
   178 | D:1      | Learned a level 1 spell: Apportation
   333 | D:2      | Found Ruhuaqai's Armour Shoppe.
   453 | D:1      | Found a faded altar of an unknown god.
  1265 | D:2      | Killed Natasha
  1266 | D:2      | Reached XP level 4. HP: 16/31 MP: 0/0
  1376 | D:3      | Identified the +7 spear of the Vulture {heavy, rElec rN++
                  | Will-}
  1493 | D:2      | Reached XP level 5. HP: 35/36 MP: 0/0
  1493 | D:2      | Learned a level 2 spell: Searing Ray
  1719 | D:2      | Noticed Natasha
  1765 | D:2      | Killed Natasha
  1831 | D:2      | Noticed Natasha
  1842 | D:2      | Killed Natasha
  2214 | D:3      | Reached XP level 6. HP: 36/41 MP: 0/0
  2331 | D:4      | Found a large runed translucent door.
  2337 | D:4      | Found a large runed translucent door.
  2739 | D:5      | Entered Level 5 of the Dungeon
  2841 | D:4      | Gained mutation: You are somewhat resistant to further
                  | mutation. [potion of mutation]
  2841 | D:4      | Lost mutation: You are somewhat resistant to further
                  | mutation. [potion of mutation]
  2841 | D:4      | Gained mutation: Your mind is acute. (Int +4, Str/Dex -1)
                  | [potion of mutation]
  2955 | D:4      | Found a glowing golden altar of the Shining One.
  3105 | D:4      | Found a snail-covered altar of Cheibriados.
  3214 | D:4      | Found Pennuhy's Distillery.
  3228 | D:4      | Bought a potion of heal wounds for 50 gold pieces
  3228 | D:4      | Bought a potion of curing for 30 gold pieces
  3228 | D:4      | Bought a potion of curing for 30 gold pieces
  3302 | D:4      | Noticed Darkkill's ghost (amateur MiHu)
  3854 | D:5      | Reached skill level 1 in Short Blades
  3854 | D:5      | Reached XP level 7. HP: 36/46 MP: 0/0
  3854 | D:5      | Learned a level 2 spell: Call Imp
  3907 | D:5      | Noticed Menkaure
  3922 | D:5      | Killed Menkaure
  4016 | D:5      | Reached skill level 1 in Fighting
  4300 | D:5      | Reached XP level 8. HP: 47/52 MP: 0/0
  4574 | D:5      | Reached skill level 5 in Spellcasting
  4574 | D:5      | Reached skill level 5 in Conjurations
  4574 | D:5      | Reached skill level 5 in Hexes
  4574 | D:5      | Reached skill level 5 in Summonings
  4574 | D:5      | Reached skill level 5 in Necromancy
  4574 | D:5      | Reached skill level 5 in Translocations
  4574 | D:5      | Reached skill level 5 in Transmutations
  4574 | D:5      | Reached skill level 5 in Fire Magic
  4574 | D:5      | Reached skill level 5 in Ice Magic
  4574 | D:5      | Reached skill level 5 in Air Magic
  4574 | D:5      | Reached skill level 5 in Earth Magic
  4574 | D:5      | Reached skill level 5 in Poison Magic
  5786 | D:6      | Killed from afar by an electric eel

Illustrated notes

Levels and vault maps discovered:
D:1:      psy_arrival_spokes, layout_basic, basic_ecumenical_altar
D:2:      minmay_diamond_boxcup, layout_rooms, serial_shops,
          nicolae_shop_statue_plus, nicolae_diamond_shop, uniq_natasha
D:3:      layout_basic
D:4:      layout_basic, kennysheep_slug_shrine, nicolae_tso_besieged_by_evil,
          serial_shops, nicolae_shop_industrial_runoff,
          ebering_ghost_disaster_area, minivault_26, fountainhead
D:5:      layout_loops_corners, chequers_decorated_corner,
          kennysheep_generic_room_11, uniq_menkaure
D:6:      layout_loops_ring, lemuel_zombie_altar_yredelemnul,
          mainiacjoe_overflow_divided_tiny, gammafunk_ghost_gnarly_gnolls,
          serial_bayou_lake_a
D:7:      cheibrodos_fertilizer, layout_basic, grunt_temple_overflow_bloody_war,
          kiku_gazebo_pond_becter, minmay_temple_entry_statues_pillars,
          minmay_starry_boxes

Skill      XL: |  1  2  3  4  5  6  7  8 |
---------------+-------------------------+-----
Spellcasting   | 4 5 |  5.9
Conjurations   | 4 5 |  5.9
Hexes          | 4 5 |  5.9
Summonings     | 4 5 |  5.9
Necromancy     | 4 5 |  5.9
Translocations | 4 5 |  5.9
Transmutations | 4 5 |  5.9
Fire Magic     | 4 5 |  5.9
Ice Magic      | 4 5 |  5.9
Air Magic      | 4 5 |  5.9
Earth Magic    | 4 5 |  5.9
Poison Magic   | 4 5 |  5.9
Dodging        | 3 4 |  4.0
Stealth        | 2 3 4 |  4.8
Short Blades   | 1 2 |  2.4
Fighting       | 1 |  1.5

Action                     |  1- 3 |  4- 6 |  7- 9 || total
---------------------------+-------+-------+-------++-------
  Melee: Dagger            |     9 |    18 |       ||    27
         Rapier            |       |     5 |    14 ||    19
   Cast: Foxfire           |    27 |    59 |    33 ||   119
         Scorch            |     6 |    13 |    16 ||    35
         Searing Ray       |       |     6 |     2 ||     8
         Volatile Blastmot |       |       |     6 ||     6
         Call Imp          |       |       |     5 ||     5
         Inner Flame       |       |       |     2 ||     2
    Use: Scroll            |       |     4 |     2 ||     6
         Potion            |       |     4 |     1 ||     5
   Stab: Sleeping          |       |     8 |     1 ||     9
         Distracted        |       |       |     1 ||     1
 Armour: Robe              |       |     8 |     4 ||    12
  Dodge: Dodged            |    19 |    16 |    34 ||    69

Table legend: (Time is in decaauts)
 A = Elapsed time spent in this place.
 B = Non-inter-level travel time spent in this place.
 C = Inter-level travel time spent in this place.
 D = Time resting spent in this place.
 E = Time spent auto-exploring this place.
 F = Levels seen in this place.
 G = Mean time per level.
                   A        B        C        D        E       F      G
               +--------+--------+--------+--------+--------+-----+--------+
         Total |   5794 |   5642 |    152 |    426 |   3619 |   7 |  827.7 |
       Dungeon |   5794 |   5642 |    152 |    426 |   3619 |   7 |  827.7 |
               +--------+--------+--------+--------+--------+-----+--------+

Top non-repeatable levels by time:
     D:5: 1496 daAuts
     D:4: 1144 daAuts
     D:1: 1110 daAuts
     D:2: 794 daAuts
     D:3: 753 daAuts
     D:6: 487 daAuts
     D:7: 7 daAuts
